TOP OF THE 1ST |
Lansing Lugnuts batting - Pitching for Beloit Snappers : RHP James Blaisdell
|
Pitching: RHP James Blaisdell
|
|
Batting: RHB Kyle Silveira
|
0-0: Foul Ball, location: 2F 0-1: Foul Ball, location: 2F 0-2: Ball 1-2: Foul Ball, location: 2F 1-2: Ball 2-2: Foul Ball, location: 2F 2-2: Fly out, F3 (Popup, 3F, EV 60.0 MPH)
|
Batting: RHB Finn Ross
|
0-0: Ball 1-0: Ball 2-0: SINGLE (Line Drive, 89M, EV 95.0 MPH)
|
Batting: SHB Joel Baker
|
0-0: Ball 1-0: Ball 2-0: SINGLE (Groundball, 6D, EV 109.4 MPH) Finn Ross to second Finn Ross to third
|
Batting: LHB Dan Martinez
|
0-0: Called Strike 0-1: Foul Ball, location: 2F 0-2: Strikes out looking Joel Baker is caught stealing 2nd base 2-6 Batter strikes out.
|
Top of the 1st over - 0 runs, 2 hits, 0 errors, 1 left on base; Lansing 0 - Beloit 0 |
BOTTOM OF THE 1ST |
Beloit Snappers batting - Pitching for Lansing Lugnuts : LHP Jon Sosa
|
Pitching: LHP Jon Sosa
|
|
Batting: RHB Lu Tieh
|
0-0: Ground out 5-3 (Groundball, 56, EV 90.0 MPH)
|
Batting: RHB Matt Sherard
|
0-0: Ball 1-0: Swinging Strike 1-1: Ball 2-1: Foul Ball, location: 2F 2-2: Fly out, F9 (Line Drive, 9, EV 103.1 MPH)
|
Batting: RHB Manny Vizzerra
|
0-0: Called Strike 0-1: Foul Ball, location: 2F 0-2: Foul Ball, location: 2F 0-2: Ball 1-2: Foul Ball, location: 2F 1-2: Ball 2-2: Strikes out swinging
|
Bottom of the 1st over - 0 runs, 0 hits, 0 errors, 0 left on base; Lansing 0 - Beloit 0 |
TOP OF THE 2ND |
Lansing Lugnuts batting - Pitching for Beloit Snappers : RHP James Blaisdell
|
Batting: RHB Ivan Ramirez
|
0-0: Called Strike 0-1: Called Strike 0-2: SOLO HOME RUN (Flyball, 7D, EV 93.1 MPH), Distance : 365 ft
|
Batting: RHB Bryan Westray
|
0-0: Called Strike 0-1: Swinging Strike 0-2: Strikes out swinging, 2-3 out at first.
|
Batting: RHB B.J. Worthy
|
0-0: Called Strike 0-1: Ball 1-1: Foul Ball, location: 2F 1-2: Ball 2-2: Foul Ball, location: 2F 2-2: Fly out, F8 (Flyball, 8LXD, EV 105.0 MPH)
|
Batting: RHB Luis Reyes
|
0-0: Called Strike 0-1: Ball 1-1: Ground out 6-3 (Groundball, 56, EV 104.4 MPH)
|
Top of the 2nd over - 1 run, 1 hit, 0 errors, 0 left on base; Lansing 1 - Beloit 0 |
BOTTOM OF THE 2ND |
Beloit Snappers batting - Pitching for Lansing Lugnuts : LHP Jon Sosa
|
Batting: SHB D.J. Codd
|
0-0: Called Strike 0-1: Ground out 6-3 (Groundball, 6, EV 93.8 MPH)
|
Batting: RHB Scott Wiggs
|
0-0: Foul Ball, location: 2F 0-1: Ball 1-1: Foul Ball, location: 2F 1-2: Strikes out swinging
|
Batting: RHB Dave Vezina
|
0-0: Ball 1-0: Ground out 5-3 (Groundball, 56, EV 101.9 MPH)
|
Bottom of the 2nd over - 0 runs, 0 hits, 0 errors, 0 left on base; Lansing 1 - Beloit 0 |
TOP OF THE 3RD |
Lansing Lugnuts batting - Pitching for Beloit Snappers : RHP James Blaisdell
|
Batting: RHB Darren McCarty Jr.
|
0-0: Called Strike 0-1: Swinging Strike 0-2: Ball 1-2: Foul Ball, location: 2F 1-2: Strikes out looking
|
Batting: RHB Kyle Silveira
|
0-0: Ground out 3-1 (Groundball, 34, EV 101.9 MPH)
|
Batting: RHB Finn Ross
|
0-0: Called Strike 0-1: Ground out 6-3 (Groundball, 6, EV 89.4 MPH)
|
Top of the 3rd over - 0 runs, 0 hits, 0 errors, 0 left on base; Lansing 1 - Beloit 0 |
BOTTOM OF THE 3RD |
Beloit Snappers batting - Pitching for Lansing Lugnuts : LHP Jon Sosa
|
Batting: RHB Justin Menotti
|
0-0: Foul Ball, location: 2F 0-1: Called Strike 0-2: Ball 1-2: Foul Ball, location: 2F 1-2: Foul Ball, location: 2F 1-2: SINGLE (Line Drive, 7S, EV 88.8 MPH)
|
Batting: LHB Mario Cardona
|
0-0: Called Strike 0-1: Ball 1-1: Grounds into double play, 3-6-1 (Groundball, 13, EV 87.5 MPH)
|
Batting: LHB Raita Inouye
|
0-0: Ball 1-0: Ball 2-0: Called Strike 2-1: Ball 3-1: Foul Ball, location: 2F 3-2: Strikes out swinging
|
Bottom of the 3rd over - 0 runs, 1 hit, 0 errors, 0 left on base; Lansing 1 - Beloit 0 |
TOP OF THE 4TH |
Lansing Lugnuts batting - Pitching for Beloit Snappers : RHP James Blaisdell
|
Batting: SHB Joel Baker
|
0-0: Called Strike 0-1: Ball 1-1: Ball 2-1: Foul Ball, location: 2F 2-2: Strikes out swinging
|
Batting: LHB Dan Martinez
|
0-0: Ball 1-0: Ball 2-0: Fly out, F5 (Popup, 56, EV 55.0 MPH)
|
Batting: RHB Ivan Ramirez
|
0-0: Ball 1-0: Foul Ball, location: 2F 1-1: Ball 2-1: Swinging Strike 2-2: Ball 3-2: Base on Balls
|
Batting: RHB Bryan Westray
|
0-0: Foul Ball, location: 2F 0-1: Ball 1-1: Ball 2-1: SINGLE (Line Drive, 9S, EV 110.6 MPH) Ivan Ramirez to second
|
Batting: RHB B.J. Worthy
|
0-0: Called Strike 0-1: Ball 1-1: Swinging Strike 1-2: Foul Ball, location: 2F 1-2: SINGLE (Line Drive, 5D, EV 98.1 MPH) Ivan Ramirez to third Bryan Westray to second
|
Batting: RHB Luis Reyes
|
0-0: Fly out, F9 (Flyball, 9LS, EV 90.6 MPH)
|
Top of the 4th over - 0 runs, 2 hits, 0 errors, 3 left on base; Lansing 1 - Beloit 0 |
BOTTOM OF THE 4TH |
Beloit Snappers batting - Pitching for Lansing Lugnuts : LHP Jon Sosa
|
Batting: RHB Lu Tieh
|
0-0: Called Strike 0-1: Called Strike 0-2: Strikes out swinging
|
Batting: RHB Matt Sherard
|
0-0: Called Strike 0-1: Ball 1-1: Ball 2-1: Fly out, F3 (Popup, 34, EV 77.5 MPH)
|
Batting: RHB Manny Vizzerra
|
0-0: Called Strike 0-1: Foul Ball, location: 2F 0-2: Foul Ball, location: 2F 0-2: Ball 1-2: Foul Ball, location: 2F 1-2: Foul Ball, location: 2F 1-2: Ball 2-2: Strikes out swinging
|
Bottom of the 4th over - 0 runs, 0 hits, 0 errors, 0 left on base; Lansing 1 - Beloit 0 |
TOP OF THE 5TH |
Lansing Lugnuts batting - Pitching for Beloit Snappers : RHP James Blaisdell
|
Batting: RHB Darren McCarty Jr.
|
0-0: Ball 1-0: DOUBLE (Flyball, 78D, EV 88.1 MPH)
|
Batting: RHB Kyle Silveira
|
0-0: Foul Ball, location: 2F 0-1: Called Strike 0-2: Ground out 6-3 (Groundball, 6, EV 80.6 MPH) Darren McCarty Jr. to third
|
Batting: RHB Finn Ross
|
0-0: Foul Ball, location: 2F 0-1: Called Strike 0-2: Ball 1-2: Ball 2-2: Ball 3-2: Strikes out swinging
|
Batting: SHB Joel Baker
|
0-0: Foul Ball, location: 2F 0-1: Swinging Strike 0-2: Ball 1-2: SINGLE (Flyball, 78S, EV 85.0 MPH) Darren McCarty Jr. scores
|
Pitching: LHP Dan Gatlin
|
|
Batting: LHB Dan Martinez
|
0-0: Ball 1-0: Called Strike 1-1: Swinging Strike 1-2: Ball 2-2: Strikes out swinging
|
Top of the 5th over - 1 run, 2 hits, 0 errors, 1 left on base; Lansing 2 - Beloit 0 |
BOTTOM OF THE 5TH |
Beloit Snappers batting - Pitching for Lansing Lugnuts : LHP Jon Sosa
|
Batting: SHB D.J. Codd
|
0-0: Reached on error, E8 (Flyball, 8RXD, EV 101.2 MPH)
|
Batting: RHB Scott Wiggs
|
0-0: Called Strike 0-1: Foul Ball, location: 2F 0-2: Strikes out swinging
|
Batting: RHB Dave Vezina
|
0-0: Ball 1-0: Ball 2-0: Foul Ball, location: 2F 2-1: Ball 3-1: Base on Balls
|
Batting: RHB Justin Menotti
|
0-0: Called Strike 0-1: Called Strike 0-2: Ball 1-2: Ball 2-2: Ball 3-2: Fielders Choice at 2nd, 6-4 (Groundball, 6S, EV 91.9 MPH) D.J. Codd to third
|
Batting: LHB Mario Cardona
|
0-0: Ball 1-0: Foul Ball, location: 2F 1-1: Called Strike Justin Menotti steals 2nd base 1-2: Foul Ball, location: 2F 1-2: Ball Wild Pitch! D.J. Codd scores Justin Menotti to third 2-2: Ball 3-2: Foul Ball, location: 2F 3-2: Base on Balls
|
Batting: LHB Raita Inouye
|
0-0: Ground out 4-3 (Groundball, 34, EV 81.9 MPH)
|
Bottom of the 5th over - 1 run, 0 hits, 1 error, 2 left on base; Lansing 2 - Beloit 1 |
TOP OF THE 6TH |
Lansing Lugnuts batting - Pitching for Beloit Snappers : LHP Dan Gatlin
|
Batting: RHB Ivan Ramirez
|
0-0: Ball 1-0: SINGLE (Groundball, 34D, EV 101.9 MPH)
|
Batting: RHB Bryan Westray
|
0-0: Swinging Strike 0-1: Grounds into double play, 6-4-3 (Groundball, 6, EV 98.1 MPH)
|
Batting: RHB B.J. Worthy
|
0-0: Called Strike 0-1: Ball 1-1: Ball 2-1: Swinging Strike 2-2: Ball 3-2: Foul Ball, location: 2F 3-2: SINGLE (Line Drive, 6M, EV 109.4 MPH)
|
Batting: RHB Luis Reyes
|
0-0: Swinging Strike 0-1: Foul Ball, location: 2F 0-2: Ball 1-2: Ball 2-2: Strikes out looking
|
Top of the 6th over - 0 runs, 2 hits, 0 errors, 1 left on base; Lansing 2 - Beloit 1 |
BOTTOM OF THE 6TH |
Beloit Snappers batting - Pitching for Lansing Lugnuts : LHP Jon Sosa
|
Batting: RHB Lu Tieh
|
0-0: Ball 1-0: Ground out 5-3 (Groundball, 56, EV 95.6 MPH)
|
Batting: RHB Matt Sherard
|
0-0: Ground out U3 (Groundball, 23, EV 84.4 MPH)
|
Batting: RHB Manny Vizzerra
|
0-0: Fly out, F8 (Flyball, 8RM, EV 86.9 MPH)
|
Bottom of the 6th over - 0 runs, 0 hits, 0 errors, 0 left on base; Lansing 2 - Beloit 1 |
TOP OF THE 7TH |
Lansing Lugnuts batting - Pitching for Beloit Snappers : LHP Dan Gatlin
|
Batting: RHB Darren McCarty Jr.
|
0-0: Called Strike 0-1: Ball 1-1: Fly out, F7 (Flyball, 7D, EV 99.4 MPH)
|
Batting: RHB Kyle Silveira
|
0-0: Ball 1-0: Ground out 4-3 (Groundball, 4, EV 83.1 MPH)
|
Batting: RHB Finn Ross
|
0-0: Ball 1-0: Called Strike 1-1: Ball 2-1: Ball 3-1: SINGLE (Line Drive, 9LS, EV 106.2 MPH)
|
Batting: SHB Joel Baker
|
0-0: Called Strike 0-1: Ball 1-1: Ball 2-1: SINGLE (Flyball, 4D, EV 91.2 MPH) Finn Ross to second Runner from 2nd tries for 3rd, SAFE, throw by CF made to third
|
Batting: LHB Dan Martinez
|
0-0: Ball 1-0: Ball 2-0: Foul Ball, location: 2F 2-1: Foul Ball, location: 2F 2-2: Strikes out swinging
|
Top of the 7th over - 0 runs, 2 hits, 0 errors, 2 left on base; Lansing 2 - Beloit 1 |
BOTTOM OF THE 7TH |
Beloit Snappers batting - Pitching for Lansing Lugnuts : LHP Jon Sosa
|
Batting: SHB D.J. Codd
|
0-0: Ball 1-0: Called Strike 1-1: Called Strike 1-2: Foul Ball, location: 2F 1-2: Fly out, F8 (Flyball, 8LXD, EV 98.8 MPH)
|
Pitching: RHP Germano Nunes
|
|
Batting: RHB Scott Wiggs
|
0-0: Ball 1-0: Ball 2-0: Called Strike 2-1: Ball 3-1: Base on Balls
|
Batting: RHB Dave Vezina
|
0-0: Fly out, F7 (Flyball, 7LS, EV 87.5 MPH)
|
Pinch Hitting: LHB Nick Pacheco
|
0-0: Called Strike Scott Wiggs steals 2nd base 0-1: Ball 1-1: Ball 2-1: Called Strike 2-2: Ball 3-2: Foul Ball, location: 2F 3-2: Fly out, F8 (Flyball, 8RD, EV 91.2 MPH)
|
Bottom of the 7th over - 0 runs, 0 hits, 0 errors, 1 left on base; Lansing 2 - Beloit 1 |
TOP OF THE 8TH |
Lansing Lugnuts batting - Pitching for Beloit Snappers : LHP Dan Gatlin
|
Pitching: RHP Jaylen Walker
|
|
Now at 3B: Travis Lanctot
|
|
Pinch Hitting: SHB Jose Garcia
|
0-0: Called Strike 0-1: Foul Ball, location: 2F 0-2: Ball 1-2: Fly out, F7 (Flyball, 7LS, EV 92.5 MPH)
|
Batting: RHB Bryan Westray
|
0-0: Ball 1-0: Foul Ball, location: 2F 1-1: Foul Ball, location: 2F 1-2: Ball 2-2: Foul Ball, location: 2F 2-2: Ground out U3 (Groundball, 34, EV 101.9 MPH)
|
Batting: RHB B.J. Worthy
|
0-0: Called Strike 0-1: Foul Ball, location: 2F 0-2: Ball 1-2: Ball 2-2: Fly out, F8 (Flyball, 8LM, EV 83.1 MPH)
|
Top of the 8th over - 0 runs, 0 hits, 0 errors, 0 left on base; Lansing 2 - Beloit 1 |
BOTTOM OF THE 8TH |
Beloit Snappers batting - Pitching for Lansing Lugnuts : RHP Germano Nunes
|
Now at 3B: Roger Escareno
|
|
Batting: LHB Mario Cardona
|
0-0: Called Strike 0-1: Ball 1-1: Ball 2-1: Foul Ball, location: 2F 2-2: Ball 3-2: Fly out, F6 (Line Drive, 6, EV 65.0 MPH)
|
Batting: LHB Raita Inouye
|
0-0: Ball 1-0: Swinging Strike 1-1: Called Strike 1-2: Ball 2-2: Foul Ball, location: 2F 2-2: Foul Ball, location: 2F 2-2: Foul Ball, location: 2F 2-2: Strikes out swinging
|
Pinch Hitting: SHB Steve Salafia
|
0-0: Ball 1-0: Foul Ball, location: 2F 1-1: Called Strike 1-2: Foul Ball, location: 2F 1-2: Ball 2-2: Ball 3-2: Foul Ball, location: 2F 3-2: Base on Balls
|
Pitching: RHP Jordan Jacobo
|
|
Batting: RHB Matt Sherard
|
0-0: Ball 1-0: Ball 2-0: Ball 3-0: Called Strike 3-1: Base on Balls Steve Salafia to second
|
Pinch Runner at 2nd Manny Moron:
|
|
Batting: RHB Manny Vizzerra
|
0-0: Ball 1-0: Ground out 3-1 (Groundball, 34, EV 80.0 MPH)
|
Bottom of the 8th over - 0 runs, 0 hits, 0 errors, 2 left on base; Lansing 2 - Beloit 1 |
TOP OF THE 9TH |
Lansing Lugnuts batting - Pitching for Beloit Snappers : RHP Jaylen Walker
|
Pitching: RHP Ted Nevins
|
|
Now at 2B: Travis Lanctot
|
|
Now at 3B: Manny Moron
|
|
Batting: RHB Luis Reyes
|
0-0: Ball 1-0: Ball 2-0: Called Strike 2-1: Foul Ball, location: 2F 2-2: Strikes out swinging
|
Batting: RHB Darren McCarty Jr.
|
0-0: Ball 1-0: Ball 2-0: Called Strike 2-1: Called Strike 2-2: Foul Ball, location: 2F 2-2: Fly out, F9 (Flyball, 89D, EV 85.0 MPH)
|
Batting: LHB David Ramirez
|
0-0: Foul Ball, location: 2F 0-1: Called Strike 0-2: Ball 1-2: Foul Ball, location: 2F 1-2: Foul Ball, location: 2F 1-2: Ground out 6-3 (Groundball, 6MS, EV 90.6 MPH)
|
Top of the 9th over - 0 runs, 0 hits, 0 errors, 0 left on base; Lansing 2 - Beloit 1 |
BOTTOM OF THE 9TH |
Beloit Snappers batting - Pitching for Lansing Lugnuts : RHP Jordan Jacobo
|
Pitching: RHP Mel Schultz
|
|
Batting: SHB D.J. Codd
|
0-0: SOLO HOME RUN (Flyball, 7D, EV 95.6 MPH), Distance : 365 ft
|
Batting: RHB Scott Wiggs
|
0-0: Called Strike 0-1: Ball 1-1: SINGLE (Groundball, 34, EV 103.1 MPH)
|
Batting: RHB Dave Vezina
|
0-0: Ball 1-0: Called Strike Scott Wiggs steals 2nd base 1-1: Ground out 6-3 (Groundball, 6M, EV 108.8 MPH) Scott Wiggs to third
|
Pinch Hitting: RHB Moses Brokken
|
0-0: Ball 1-0: 2-RUN HOME RUN (Flyball, 9LD, EV 90.0 MPH), Distance : 336 ft
|
Bottom of the 9th over - 3 runs, 3 hits, 0 errors, 0 left on base; Lansing 2 - Beloit 4 |
|
Game Over ... Beloit defeats Lansing, 4 to 2
|
|
|